 Dungeon Crawl Stone Soup version 0.30-a0-134-gb40fab5c76 (webtiles) character file.

Game seed: 11599098437230666109

179458 ragingrage the Crack Shot (level 18, -13/134 HPs)
             Began as a Barachi Hunter on Sept 20, 2022.
             Was the Champion of Hepliaklqana.
             Killed from afar by a salamander tyrant (27 damage)
             ... with a flame surge
             ... on level 4 of the Snake Pit.
             The game lasted 00:52:12 (28971 turns).

ragingrage the Crack Shot (Barachi Hunter)         Turns: 28971, Time: 00:52:12

Health: -13/134    AC: 13    Str: 15    XL:     18   Next: 23%
Magic:  24/24      EV: 22    Int: 16    God:    Hepliaklqana [******]
Gold:   1105       SH:  0    Dex: 26    Spells: 17/17 levels left

rFire   . . .      SeeInvis .    C - +3 longbow (flame)
rCold   + + .      Faith    .    (shield currently unavailable)
rNeg    . . .      Spirit   .    x - +1 leather armour "Nyqeclul" {rPois rC+ Str+3 Int+3}
rPois   +          Reflect  .    c - +2 hat
rElec   .          Harm     .    y - +0 cloak
rCorr   .          Rampage  +    M - +1 pair of gloves "Naxkempe" {rC+ Will- Dex+5}
Will    .....                    k - +0 pair of boots {rampage}
Stlth   ++........               Q - amulet of regeneration
HPRegen 1.12/turn                R - +4 ring of slaying
MPRegen 0.19/turn                H - +4 ring of slaying

@: unable to hop, slowed, studying Staves, very slow
A: reduced essence, amphibious, slowness 1, strong legs 2, +LOS
a: Hop, Renounce Religion, Recall Ancestor, Ancestor Identity, Transference,
Idealise


You were on level 4 of the Snake Pit.
You worshipped Hepliaklqana.
Hepliaklqana was exalted by your worship.
You visited 5 branches of the dungeon, and saw 27 of its levels.

You collected 2617 gold pieces.
You spent 1512 gold pieces at shops.

Inventory:

Hand Weapons
 a - a +1 shortbow
 C - a +3 longbow of flaming (weapon)
 S - a +3 arbalest
Missiles
 s - 50 poisoned darts
 u - 15 curare-tipped darts
 B - 3 throwing nets
 X - 4 silver javelins
Armour
 c - a +2 hat (worn)
 k - a +0 pair of boots of rampaging (worn)
 r - a +1 troll leather armour
 x - the +1 leather armour "Nyqeclul" (worn) {rPois rC+ Str+3 Int+3}
   (You found it on level 2 of the Snake Pit)

   Str:       It affects your strength (+3).
   Int:       It affects your intelligence (+3).
   rC:        It protects you from cold.
   rPois:     It protects you from poison.
 y - a +0 cloak (worn)
 M - the +1 pair of gloves "Naxkempe" (worn) {rC+ Will- Dex+5}
   (You acquired it on level 1 of the Orcish Mines)

   Dex:       It affects your dexterity (+5).
   rC:        It protects you from cold.
   Will:      It decreases your willpower.
 T - the +0 scale mail of Fuajusi {rF+ rC+ Regen+ Dex-2}
   (You bought it in a shop on level 8 of the Dungeon)

   Dex:       It affects your dexterity (-2).
   rF:        It protects you from fire.
   rC:        It protects you from cold.
   Regen:     It increases your rate of health regeneration.
Jewellery
 e - a ring of protection from cold
 h - a ring of protection from fire
 w - a ring of see invisible
 H - a +4 ring of slaying (right hand)
 Q - an amulet of regeneration (around neck)
 R - a +4 ring of slaying (left hand)
 V - a ring of positive energy
Wands
 q - a wand of paralysis (26)
 t - a wand of mindburst (9)
 E - a wand of roots (10)
 I - a wand of flame (87)
 Z - a wand of quicksilver (13)
Scrolls
 b - 5 scrolls of immolation
 d - 6 scrolls of poison
 i - 9 scrolls of teleportation
 j - 2 scrolls of magic mapping
 o - 2 scrolls of butterflies
 p - 4 scrolls of vulnerability
 A - 2 scrolls of enchant weapon
 K - a scroll of silence
 N - 6 scrolls of blinking
 O - a scroll of summoning
 P - 2 scrolls of fear
 U - 5 scrolls of enchant armour
Potions
 f - 7 potions of lignification
 g - 5 potions of brilliance
 l - 4 potions of ambrosia
 m - 5 potions of heal wounds
 n - 2 potions of invisibility
 v - 5 potions of curing
 z - 2 potions of attraction
 D - 4 potions of flight
 F - 5 potions of haste
 G - 3 potions of might
 J - 3 potions of cancellation
 L - a potion of resistance
 W - 4 potions of mutation


   Skills:
 + Level 15.5 Fighting
 - Level 22.0 Ranged Weapons
 - Level 13.0 Armour
 + Level 11.6 Dodging
 - Level 0.8 Stealth
 - Level 9.0 Invocations
 + Level 7.8 Evocations


You had 17 spell levels left.
You didn't know any spells.
Your spell library contained the following spells:

 Spells                   Type           Power      Damage    Failure   Level
 Beastly Appendage        Tmut           0%         N/A       28%         1
 Freeze                   Ice            0%         1d3       28%         1
 Magic Dart               Conj           0%         1d3       28%         1
 Cigotuvi's Dreadful Rot  Necr/Pois/Air  0%         N/A       41%         2
 Ensorcelled Hibernation  Hex/Ice        0%         N/A       41%         2
 Passwall                 Tmut/Erth      0%         N/A       41%         2
 Searing Ray              Conj           0%         2d4       41%         2
 Static Discharge         Conj/Air       0%         2-2/arc   41%         2
 Wereblood                Tmut           0%         N/A       41%         2
 Call Canine Familiar     Summ           0%         N/A       65%         3
 Frozen Ramparts          Ice            0%         1d1       65%         3
 Portal Projectile        Hex/Tloc       0%         N/A       65%         3
 Spider Form              Tmut/Pois      0%         N/A       65%         3
 Swiftness                Air            0%         N/A       65%         3
 Dispel Undead            Necr           0%         3d6       96%         4
 Fulminant Prism          Conj/Hex       0%         3d6       96%         4
 Hailstorm                Conj/Ice       0%         3d3       96%         4
 Ice Form                 Ice/Tmut       0%         N/A       96%         4
 Leda's Liquefaction      Hex/Erth       0%         N/A       96%         4
 Sticky Flame             Conj/Fire      0%         2d3       96%         4
 Fireball                 Conj/Fire      0%         3d3       100%        5
 Iskenderun's Battlesphe  Conj           0%         2d6       100%        5
 Conjure Ball Lightning   Conj/Air       0%         3x3d6     100%        6
 Death Channel            Necr           0%         N/A       100%        6
 Simulacrum               Ice/Necr       0%         N/A       100%        6
 Orb of Destruction       Conj           0%         9d5       100%        7


Dungeon Overview and Level Annotations

Branches:
Dungeon (15/15)            Temple (1/1) D:5            Lair (5/5) D:8
 Shoals (0/4) Lair:2        Snake (4/4) Lair:2        Slime (0/5) Lair:5
    Orc (2/2) D:11            Elf (0/3) Orc:2        Vaults (0/5) D:13
 Depths (0/4) D:15

Altars:
Ashenzari
Dithmenos
Elyvilon
Fedhas
Gozag
Hepliaklqana
Kikubaaqudgha
Makhleb
Nemelex Xobeh
Okawaru
Ru
Sif Muna
Trog
Uskayaw
Vehumet
Wu Jian
Xom
Yredelemnul
Zin
The Shining One
Jiyva

Shops:
D:7 ((   D:8 *([   D:9 =   D:11 (   D:13 *   Orc:1 [   Orc:2 :*([   Snake:2 (

Annotations:
D:1 exclusion: downstairs
Lair:1 exclusion: downstairs
Lair:5 1 runed translucent door


Innate Abilities, Weirdness & Mutations

Your life essence is reduced to manifest your ancestor. (-10% HP)
You are amphibious.
You cover ground slowly.
You can hop long distances.
You have an extended range of vision and can be seen from far away.


Message History

Lwandle burns the mana viper.
Lwandle hits the guardian serpent with a +0 broad axe of flaming.
Lwandle burns the guardian serpent.
The guardian serpent hits you but does no damage.
The naga warrior spits poison at you. The splash of poison hits you.
You are poisoned.
You resist.
* * * LOW HITPOINT WARNING * * *
Blink to where?
Press: ? - help, Dir - move target You escape the anaconda's grasp.
As you read the scroll of blinking, it crumbles to dust.
You feel sick.
The guardian serpent coils itself and waves its upper body at you.
You feel yourself slow down.
Okay, then.
As you read the scroll of teleportation, it crumbles to dust.
You feel strangely unstable.
You feel sick.
The naga ritualist mumbles some strange prayers to its god.
The naga ritualist begins to radiate toxic energy.
You feel better.
Your surroundings seem slightly different.
The guardian serpent coils itself and waves its upper body at you.
You feel as though you will be slow longer.
As you read the scroll of teleportation, it crumbles to dust.
You feel strangely unstable.
Your surroundings suddenly seem different. 3 guardian serpents and 9 nagas come into view.
Found 14 gold pieces, a serpentine rune of Zot and a whip.
The naga ritualist shouts!
The guardian serpent shouts!
The naga warrior shouts!
The guardian serpent shouts!
The guardian serpent coils itself and waves its upper body at you.
The naga warrior blinks!
The guardian serpent barely misses you.
The salamander tyrant calls gouts of flame from the lava!
The flame surge hits you!!
* * * LOW HITPOINT WARNING * * *
The salamander tyrant calls gouts of flame from the lava!
The flame surge hits you!!
You die...

#.###. ### ## #
#≈ §§§ §
§≈§≈#####≈§≈§≈
§.§.S@N..N..§≈
#≈≈≈.≈≈NNN≈≈≈≈.≈§
.....≈§≈≈N§≈≈≈...
.≈≈.≈ ≈≈≈.≈§≈≈≈.§
≈≈≈. §§≈NSS≈ ≈§.≈
##≈ §§§≈.φ.≈≈ §.≈
# §....N≈N .)
..N§≈§... #
#.≈§≈§≈.###


You could see a nagaraja, a naga warrior, 2 salamander tyrants, 5 salamanders, a
naga ritualist and 3 guardian serpents.

Vanquished Creatures
  Vashnia (Snake:2)
  Rupert (Lair:3)
  Kirke (Lair:5)
  A nagaraja (Snake:4)
  Aizul (Snake:3)
  An orc warlord (Orc:1)
  A very ugly thing (D:15)
  Nessos (Orc:2)
  A dire elephant (Lair:2)
  Azrael (Orc:2)
  Fannar (Lair:3)
  Erolcha (Orc:2)
  2 hydras
  6 anacondas
  3 centaur warriors
  3 two-headed ogres (D:10)
  3 death yaks (Lair:4)
  2 boulder beetles
  3 shock serpents
  8 naga warriors
  2 orc high priests (Orc:2)
  Amaemon (Lair:2)
  3 salamander mystics (Snake:3)
  13 naga sharpshooters
  A glowing orange brain (D:15)
  6 naga ritualists
  5 orc knights
  3 orc sorcerers
  4 lindwurms
  A cyclops (Orc:2)
  10 salamanders
  A manticore (shapeshifter) (D:15)
  8 ugly things
  A manticore (D:13)
  15 mana vipers
  37 black mambas
  5 naga magi
  3 gargoyles
  14 elephants
  An orange demon (Lair:1)
  2 torpor snails (Lair:5)
  5 cane toads
  3 kobold demonologists
  A rime drake (Lair:4)
  An efreet (D:13)
  9 komodo dragons
  4 meliai
  A polar bear (Lair:4)
  9 blink frogs
  4 hornets (Lair:5)
  9 trolls
  A raiju (D:8)
  11 slime creatures
  Sigmund (D:3)
  A shadow (D:11)
  32 yaks
  A wyvern (D:11)
  2 fire elementals (Orc:2)
  A wraith (D:10)
  4 basilisks
  A fire bat (Lair:5)
  2 hogs (Lair:5)
  2 steam dragons
  30 nagas
  8 vampire mosquitoes
  An acid dragon (D:11)
  A two-headed ogre zombie (D:11)
  7 water moccasins
  2 hell hounds (Orc:2)
  A swamp drake (Lair:5)
  30 orc warriors
  2 sky beasts
  5 black bears
  17 ogres
  6 wolves
  9 centaurs
  3 phantoms
  5 kobold brigands
  6 bullfrogs
  2 gnoll sergeants
  5 scorpions
  6 wights
  2 killer bees
  3 troll zombies (D:11)
  12 howler monkeys
  2 electric eels (Snake:1)
  4 crimson imps (D:11)
  2 iron imps (D:14)
  4 jellies
  4 hounds
  7 orc priests
  A gnoll bouda (D:5)
  7 iguanas
  Natasha (D:4)
  19 orc wizards
  2 ogre zombies (D:11)
  12 gnolls
  7 adders
  2 shadow imps
  A white imp (D:8)
  3 worms
  4 dart slugs
  56 orcs
  7 endoplasms
  2 giant cockroaches (D:2)
  7 goblins
  8 hobgoblins
  6 jackals
  30 kobolds
  3 quokkas
  4 ball pythons (D:1)
  6 bats
  A frilled lizard (D:1)
  2 goblin skeletons (D:11)
  5 goblin zombies (D:11)
  A hobgoblin skeleton (D:11)
  2 hobgoblin zombies (D:11)
  3 orc skeletons (D:11)
  9 orc zombies (D:11)
  4 rats
684 creatures vanquished.

Vanquished Creatures (collateral kills)
  Gastronok (Lair:2)
  An ironbound preserver (D:13)
  A fire dragon (D:14)
  A salamander tyrant (Snake:3)
  An ogre mage (D:15)
  5 anacondas
  A hydra (Lair:3)
  A death yak (Lair:4)
  An orc high priest (Orc:2)
  2 naga sharpshooters
  A shock serpent (Snake:3)
  5 naga ritualists
  3 mana vipers
  2 ugly things (D:15)
  2 orc knights
  A wolf spider (Lair:5)
  An orc sorcerer (Orc:1)
  10 elephants
  2 salamanders (Snake:3)
  6 black mambas
  2 naga magi
  A torpor snail (Lair:5)
  3 kobold demonologists
  2 cane toads (Lair:5)
  2 komodo dragons
  A rime drake (Lair:3)
  A meliai (shapeshifter) (D:13)
  2 trolls
  4 hornets
  4 blink frogs
  4 slime creatures
  A spriggan (Lair:2)
  A shadow (D:11)
  A hog (Lair:5)
  24 yaks
  2 wyverns
  A fire elemental (Orc:2)
  A vampire mosquito (D:11)
  A wraith (D:13)
  A two-headed ogre zombie (D:11)
  3 acid dragons
  2 nagas (Snake:1)
  4 water moccasins
  2 hell hounds (Orc:2)
  10 orc warriors
  A swamp drake (Lair:5)
  A black bear (Lair:2)
  5 wolves
  An ogre (D:15)
  A centaur (D:8)
  A phantom (D:11)
  2 kobold brigands
  5 bullfrogs
  A troll zombie (D:11)
  2 wights (D:8)
  A killer bee (D:10)
  2 orc priests
  An iron imp (D:14)
  3 orc wizards
  An iguana (Lair:5)
  2 gnolls (D:9)
  16 orcs
  A goblin skeleton (D:11)
  A goblin zombie (D:11)
  4 kobolds
  An orc zombie (D:11)
181 creatures vanquished.

Vanquished Creatures (others)
  An orc warrior (Orc:2)
  12 knights
  9 ancestors
  159 fungi
  155 plants
336 creatures vanquished.

Grand Total: 1201 creatures vanquished

Notes
Turn   | Place    | Note
-------+----------+-------------------------------------------
     0 | D:1      | ragingrage the Barachi Hunter began the quest for the Orb.
     0 | D:1      | Reached XP level 1. HP: 17/17 MP: 1/1
   182 | D:1      | Reached XP level 2. HP: 23/23 MP: 2/2
   664 | D:1      | Reached XP level 3. HP: 28/28 MP: 3/3
   933 | D:2      | Reached skill level 5 in Ranged Weapons
  1213 | D:2      | Reached XP level 4. HP: 33/34 MP: 4/4
  1616 | D:2      | Found a faded altar of an unknown god.
  1821 | D:3      | Noticed Sigmund
  2135 | D:3      | Reached skill level 6 in Ranged Weapons
  2582 | D:4      | Reached XP level 5. HP: 39/39 MP: 5/5
  2924 | D:4      | Found an ancient bone altar of Kikubaaqudgha.
  3064 | D:3      | Killed Sigmund
  3065 | D:3      | Reached skill level 7 in Ranged Weapons
  3065 | D:3      | Reached XP level 6. HP: 43/46 MP: 6/6
  3445 | D:4      | Reached skill level 8 in Ranged Weapons
  3445 | D:4      | Reached XP level 7. HP: 51/51 MP: 7/7
  3483 | D:4      | Noticed Natasha
  3489 | D:4      | Killed Natasha
  3897 | D:5      | Entered Level 5 of the Dungeon
  3946 | D:5      | Reached skill level 9 in Ranged Weapons
  4284 | D:5      | Reached XP level 8. HP: 45/57 MP: 8/8
  4579 | D:5      | Reached skill level 10 in Ranged Weapons
  4891 | D:5      | Found a staircase to the Ecumenical Temple.
  4920 | Temple   | Entered the Ecumenical Temple
  4965 | Temple   | Became a worshipper of Hepliaklqana the Forgotten
  5514 | D:6      | Reached skill level 11 in Ranged Weapons
  5953 | D:6      | Reached XP level 9. HP: 62/62 MP: 9/9
  6055 | D:6      | Reached skill level 12 in Ranged Weapons
  6707 | D:7      | Found Faich's Antique Weapon Shoppe.
  7289 | D:7      | Found Oxuargh's Antique Weapon Shoppe.
  7358 | D:7      | Reached skill level 13 in Ranged Weapons
  7468 | D:7      | Reached * piety under Hepliaklqana
  8217 | D:8      | Found a burning altar of Makhleb.
  8360 | D:8      | Found a staircase to the Lair.
  8370 | D:8      | Noticed a gargoyle
  8428 | D:8      | Found Irit's General Store.
  8440 | D:8      | Reached skill level 14 in Ranged Weapons
  8518 | D:8      | Reached XP level 10. HP: 28/61 MP: 10/10
  8893 | D:8      | Noticed Maurice
  9076 | D:8      | Maurice changed into Maurice the raiju
  9076 | D:8      | Noticed Maurice
  9096 | D:8      | Killed Maurice the raiju
  9243 | D:8      | Found Qootirchilic's Antique Weapon Shoppe.
  9247 | D:8      | Found Jorik's Armour Shop.
  9289 | D:8      | Bought a faintly glowing falchion for 168 gold pieces
  9289 | D:8      | Identified the +6 falchion of Cuhacem {pain, *Slow rPois
                  | rN+++ Stlth-} (You bought it in a shop on level 8 of the
                  | Dungeon)
  9298 | D:8      | Bought a +0 troll leather armour for 165 gold pieces
  9366 | D:8      | Killed a gargoyle
  9367 | D:8      | Reached skill level 15 in Ranged Weapons
  9805 | D:7      | Reached skill level 16 in Ranged Weapons
  9860 | D:7      | Reached skill level 1 in Armour
  9861 | D:7      | Reached skill level 1 in Invocations
 10033 | D:8      | Bought a scroll of fear for 52 gold pieces
 10033 | D:8      | Bought a scroll of blinking for 97 gold pieces
 10274 | D:9      | Reached XP level 11. HP: 67/67 MP: 9/12
 10375 | D:9      | Reached ** piety under Hepliaklqana
 10404 | D:9      | Remembered your ancestor Lwandle as a knight
 10551 | D:9      | Found an iron altar of Okawaru.
 10556 | D:9      | Found a hide-covered altar of Uskayaw.
 10558 | D:9      | Found a radiant altar of Vehumet.
 10559 | D:9      | Found a basalt altar of Yredelemnul.
 10563 | D:9      | Found a glowing golden altar of the Shining One.
 10782 | D:9      | Found a broken altar of Ashenzari.
 10886 | D:9      | Reached skill level 5 in Fighting
 11070 | D:9      | Found Ruqu's Jewellery Boutique.
 11210 | D:10     | Entered Level 10 of the Dungeon
 11237 | D:10     | Noticed a two-headed ogre
 11244 | D:10     | Killed a two-headed ogre
 11323 | D:10     | Reached skill level 5 in Dodging
 11512 | D:10     | Reached *** piety under Hepliaklqana
 11655 | D:10     | Reached skill level 5 in Armour
 11750 | D:10     | Noticed a two-headed ogre
 11757 | D:10     | Killed a two-headed ogre
 11818 | D:10     | Noticed a two-headed ogre
 11824 | D:10     | Killed a two-headed ogre
 12051 | D:8      | Bought the +0 scale mail of Fuajusi {rF+ rC+ Regen+ Dex-2}
                  | for 228 gold pieces
 12083 | Lair:1   | Entered Level 1 of the Lair of Beasts
 12098 | Lair:1   | Reached XP level 12. HP: 80/80 MP: 15/15
 12242 | Lair:1   | Reached skill level 5 in Invocations
 12466 | Lair:1   | Reached **** piety under Hepliaklqana
 12854 | Lair:2   | Noticed Amaemon
 13313 | Lair:2   | Killed Amaemon
 13462 | Lair:2   | Found a staircase to the Snake Pit.
 13472 | Lair:2   | Found a staircase to the Shoals.
 13567 | Lair:2   | Noticed a dire elephant
 13581 | Lair:2   | Killed a dire elephant
 13685 | Lair:2   | Gained mutation: You can hop long distances. [Barachi
                  | growth]
 13685 | Lair:2   | Reached XP level 13. HP: 92/92 MP: 16/16
 13717 | Lair:2   | Reached skill level 10 in Fighting
 13813 | Lair:2   | Reached skill level 10 in Armour
 13851 | Lair:2   | Noticed Gastronok
 13861 | Lair:2   | Killed Gastronok
 13862 | Lair:2   | Reached skill level 10 in Dodging
 13877 | Lair:2   | Reached skill level 1 in Evocations
 14882 | Lair:3   | Noticed Rupert
 14899 | Lair:3   | Killed Rupert
 15050 | Lair:3   | Noticed Fannar
 15067 | Lair:3   | Killed Fannar
 15613 | Lair:4   | Reached ***** piety under Hepliaklqana
 15638 | Lair:4   | Reached XP level 14. HP: 97/101 MP: 18/18
 15779 | Lair:4   | Reached skill level 5 in Evocations
 16376 | Lair:5   | Entered Level 5 of the Lair of Beasts
 16486 | Lair:5   | Found a runed translucent door.
 16534 | Lair:5   | Paralysed by a hornet for 3 turns
 16799 | Lair:5   | Found a viscous altar of Jiyva.
 16809 | Lair:5   | Found a staircase to the Slime Pits.
 17149 | Lair:5   | Noticed Kirke
 17164 | Lair:5   | Killed Kirke
 17511 | Lair:5   | Noticed Sonja
 17513 | Lair:5   | Sonja changed into Sonja the hornet
 17513 | Lair:5   | Noticed Sonja
 17516 | Lair:5   | Killed Sonja the hornet
 18551 | D:11     | You fall into a shaft and drop 1 floor!
 18691 | D:11     | Found a staircase to the Orcish Mines.
 18730 | D:11     | Reached skill level 15 in Fighting
 18856 | D:11     | Identified the +1 leather armour of Intuition {rF- rN+
                  | Int+2 SInv}
 19114 | D:11     | Found a shimmering altar of Xom.
 19216 | D:11     | Found Qyeqorui's Weapon Boutique.
 20316 | D:12     | Reached ****** piety under Hepliaklqana
 20502 | D:13     | Identified the +1 robe of Okawaru's Inspiration {+Inv Int+3
                  | Stlth-}
 20541 | D:13     | Found Zouboor's Assorted Antiques.
 20544 | D:13     | Bought a bubbling sapphire potion for 27 gold pieces
 20603 | D:13     | Reached XP level 15. HP: 116/116 MP: 21/21
 20603 | D:13     | Reached XP level 16. HP: 122/122 MP: 22/22
 20689 | D:13     | Found a gate to the Vaults.
 21298 | D:14     | Found a burning altar of Makhleb.
 21627 | D:15     | Entered Level 15 of the Dungeon
 21918 | D:15     | Reached skill level 17 in Ranged Weapons
 21964 | D:15     | Found a staircase to the Depths.
 22644 | Orc:1    | Entered Level 1 of the Orcish Mines
 22872 | Orc:2    | Entered Level 2 of the Orcish Mines
 22956 | Orc:2    | Noticed Azrael
 22980 | Orc:2    | Killed Azrael
 22988 | Orc:2    | Noticed Erolcha
 23042 | Orc:2    | Noticed Nessos
 23095 | Orc:1    | Reached skill level 18 in Ranged Weapons
 23369 | Orc:2    | Killed Nessos
 23454 | Orc:2    | Found Lahouge's General Store.
 23463 | Orc:2    | Killed Erolcha
 23488 | Orc:2    | Found Jousm's Antique Weapon Boutique.
 23591 | Orc:2    | Found Haffa's Antique Armour Shoppe.
 23602 | Orc:2    | Bought a shiny troll leather armour for 558 gold pieces
 23739 | Orc:2    | Found a staircase to the Elven Halls.
 23769 | Orc:2    | Found Ypteb's Book Boutique.
 24081 | Orc:1    | Found Leethi's Antique Armour Boutique.
 24105 | Orc:1    | Bought a pair of embroidered boots for 217 gold pieces
 24180 | Orc:1    | Identified a scroll of acquirement
 24180 | Orc:1    | Acquired the +1 pair of gloves "Naxkempe" {rC+ Will- Dex+5}
 24558 | Snake:1  | Entered Level 1 of the Snake Pit
 24760 | Snake:1  | Reached skill level 19 in Ranged Weapons
 24981 | Snake:1  | Reached XP level 17. HP: 127/127 MP: 23/23
 25504 | Snake:1  | Reached skill level 20 in Ranged Weapons
 26211 | Snake:2  | Found Nycw's Antique Weapon Shoppe.
 26252 | Snake:2  | Identified the +1 leather armour "Nyqeclul" {rPois rC+
                  | Str+3 Int+3}
 26432 | Snake:2  | Noticed Vashnia
 26533 | Snake:2  | Killed Vashnia
 26534 | Snake:2  | Reached skill level 21 in Ranged Weapons
 27494 | Snake:3  | Reached skill level 22 in Ranged Weapons
 27551 | Snake:3  | Reached XP level 18. HP: 134/134 MP: 24/24
 27978 | Snake:3  | Noticed Aizul
 27989 | Snake:3  | Killed Aizul
 28115 | Snake:4  | Entered Level 4 of the Snake Pit
 28688 | Snake:4  | Identified the +2 ring mail of the Okapi {rCorr Str+3
                  | Stlth+}
 28971 | Snake:4  | Killed from afar by a salamander tyrant

Illustrated notes

Levels and vault maps discovered:
D:1:      elethiomel_arrival_quiet, layout_loops_ring, minmay_crystal_room
D:2:      layout_loops_ring, ebering_ecumenical_altar_mist
D:3:      layout_basic, uniq_sigmund
D:4:      layout_cave_pods, old_standard_altar, uniq_natasha
D:5:      layout_basic, temple_fountains, kennysheep_small_spiral
D:6:      layout_rooms
D:7:      layout_loops_ring, serial_shops, shop_statue, nicolae_shop_waterfront
D:8:      layout_loops_ring, pf_just_have_faith, due_lair_maze_entry_diamond,
          serial_shops, nicolae_diamond_shop,
          nicolae_shop_competitors_out_of_business, nicolae_inconvenience_store,
          grunt_potential, uniq_maurice
D:9:      layout_irregular_city, minitemple,
          mainiacjoe_overflow_six_doors_small, serial_shops,
          nicolae_shop_behind_doors, grunt_ministairs_13
D:10:     layout_gridville
D:11:     layout_layer_cave, zombieorc2_lemuel, serial_shops,
          kennysheep_mini_moat, eino_tiny_chamber, hangedman_decor_lopped,
          led_xom_imps
D:12:     layout_irregular_city
D:13:     layout_cave_pools, skrybe_vaults_entry_preservation, serial_shops,
          nicolae_shop_behind_doors
D:14:     layout_big_octagon, demons_altar
D:15:     gammafunk_enter_depths_forms, layout_loops_ring
Temple:   nicolae_temple_great_sept
Lair:1:   layout_regular_city
Lair:2:   mu_elephants_graveyard, layout_chaotic_city,
          minmay_shoals_entry_centaurs, dummy_snake_entry,
          infiniplex_staircase_pool, uniq_amaemon, uniq_gastronok
Lair:3:   layout_gridlike, chequers_serial_rivers_small_3, minivault_27,
          beast_lair_carwin_2, uniq_fannar, uniq_rupert
Lair:4:   layout_long_grid, chequers_serial_rivers_large_b,
          chequers_serial_rivers_room_b, nicolae_lair_lindhole,
          lemuel_fruit_fields
Lair:5:   wormcave, layout_layer_cave, guppyfry_lair_end_dragon, slime_entry_1,
          nicolae_lair_run_with_the_wolves, grunt_megastairs_1, uniq_sonja,
          uniq_kirke
Snake:1:  layout_chambers, guppyfry_snake_island, grunt_megastairs_3
Snake:2:  layout_rooms, serial_shops, shop, uniq_vashnia
Snake:3:  layout_onion_interference, grunt_megastairs_4, uniq_aizul
Snake:4:  grunt_snake_rune_pools, layout_grid_shapes,
          nicolae_coiled_stairwell_up
Orc:1:    layout_caves, serial_shops, nicolae_shop_overgrown_old_shop,
          guppyfry_library_mini
Orc:2:    grunt_orc_gardens, layout_caves, grunt_orc_garden, grunt_orc_garden,
          grunt_orc_garden, grunt_orc_garden, nicolae_volcano_entry_hallway,
          mines2_david, uniq_azrael, uniq_nessos, uniq_erolcha

Skill      XL: |  1  2  3  4  5  6  7  8  9 10 11 12 13 14 15 16 17 18 |
---------------+-------------------------------------------------------+-----
Ranged Weapons | 5 6 7 8 9 11 14 16 19 22 | 22.0
Armour         | 2 6 9 11 12 13 | 13.0
Fighting       | 3 6 9 11 15 | 15.5
Invocations    | 1 4 5 6 8 9 |  9.0
Dodging        | 3 6 9 10 11 | 11.6
Evocations     | 4 5 6 7 |  7.8
Stealth        | |  0.8

Action                   |  1- 3 |  4- 6 |  7- 9 | 10-12 | 13-15 | 16-18 || total
-------------------------+-------+-------+-------+-------+-------+-------++-------
Melee: Short sword       |       |       |       |     5 |       |       ||     5
       Punch             |       |       |       |     1 |       |       ||     1
       Shortbow          |       |       |       |       |       |     1 ||     1
 Fire: Shortbow          |    99 |   117 |   474 |   738 |   874 |   405 ||  2707
       Longbow           |       |       |       |       |       |   732 ||   732
Throw: Dart              |       |     4 |    12 |     2 |     7 |     5 ||    30
Invok: Recall Ancestor   |       |       |     1 |    12 |     8 |     3 ||    24
       Ancestor Life: Kn |       |       |       |     1 |       |       ||     1
       Transference      |       |       |       |     1 |     1 |     4 ||     6
       Idealise          |       |       |       |     1 |       |     3 ||     4
 Abil: Hop               |     3 |     1 |    16 |    15 |     6 |     8 ||    49
Evoke: Wand              |       |       |       |     6 |     8 |     9 ||    23
  Use: Scroll            |       |       |     7 |    11 |     7 |     7 ||    32
       Potion            |       |       |       |     2 |     1 |     2 ||     5
 Stab: Paralysed         |       |       |       |     5 |       |       ||     5
Armor: Leather armour    |     9 |     2 |       |       |       |     9 ||    20
       Robe              |       |    11 |    69 |       |       |       ||    80
       Troll leather arm |       |       |       |    38 |    47 |    24 ||   109
       Scale mail        |       |       |       |    14 |       |     1 ||    15
       Skin              |       |       |       |       |       |     1 ||     1
Dodge: Dodged            |    26 |    36 |   114 |   125 |   127 |   181 ||   609

Table legend: (Time is in decaauts)
 A = Elapsed time spent in this place.
 B = Non-inter-level travel time spent in this place.
 C = Inter-level travel time spent in this place.
 D = Time resting spent in this place.
 E = Time spent auto-exploring this place.
 F = Levels seen in this place.
 G = Mean time per level.
                   A        B        C        D        E       F      G
               +--------+--------+--------+--------+--------+-----+--------+
         Total |  31863 |  30127 |   1736 |   5303 |  19113 |  27 | 1180.1 |
       Dungeon |  18841 |  17797 |   1044 |   3207 |  11541 |  15 | 1256.1 |
        Temple |     66 |     53 |     13 |      0 |     40 |   1 |   66.0 |
          Lair |   6424 |   6038 |    386 |   1086 |   3585 |   5 | 1284.8 |
     Snake Pit |   4557 |   4436 |    121 |    831 |   2848 |   4 | 1139.2 |
  Orcish Mines |   1972 |   1800 |    172 |    179 |   1097 |   2 |  986.0 |
               +--------+--------+--------+--------+--------+-----+--------+

Top non-repeatable levels by time:
     D:8: 2233 daAuts
    D:11: 1860 daAuts
     D:7: 1857 daAuts
     D:5: 1572 daAuts
  Lair:2: 1539 daAuts
  Lair:5: 1492 daAuts
 Snake:1: 1492 daAuts
 Snake:3: 1478 daAuts
     D:2: 1467 daAuts
     D:4: 1286 daAuts
     D:6: 1255 daAuts
     D:9: 1202 daAuts
  Lair:1: 1199 daAuts
  Lair:4: 1165 daAuts
    D:10: 1139 daAuts
